 Dungeon Crawl Stone Soup version 0.16.0-8-gd9ae3a8 (webtiles) character file.

13896 cachaos the Fighter (level 11, -8/101 HPs)
             Began as a Minotaur Berserker on Mar 16, 2015.
             Was the Champion of Trog.
             Shot with a sling bullet by Joseph (11 damage)
             ... on level 3 of the Orcish Mines.
             The game lasted 02:28:17 (12233 turns).

cachaos the Fighter (Minotaur Berserker)           Turns: 12233, Time: 02:28:17

Health: -8/101     AC: 11    Str: 27    XL:     11   Next: 81%
Magic:  0/4        EV: 17    Int:  6    God:    Trog [******]
Gold:   1343       SH:  0    Dex: 10    Spells: 0 memorised, 10 levels left

rFire  . . .     SeeInvis .     t - +3 triple crossbow (flame)
rCold  . . .     Clarity  .     e - +0 ring mail (curse)
rNeg   . . .     SustAb   .     (no shield)
rPois  .         Gourm    .     (helmet restricted)
rElec  .         Spirit   +     (no cloak)
rCorr  .         Warding  .     (no gloves)
rMut   .         Stasis   .     (no boots)
MR     .....                    J - amulet of guardian spirit
Stlth  +.........               (no ring)
                                (no ring)

@: very slightly contaminated, not resistant to hostile enchantments, very
unstealthy
A: retaliatory headbutt, horns 2, repulsion field 1, iridescent scales 1, clever
1, strong 1
a: Burn Spellbooks, Berserk, Trog's Hand, Brothers in Arms, Renounce Religion


You were on level 3 of the Orcish Mines.
You worshipped Trog.
Trog was exalted by your worship.
You were not hungry.

You visited 2 branches of the dungeon, and saw 12 of its levels.

You collected 1343 gold pieces.

Inventory:

Hand weapons
 b - a +0 flail of draining
 c - a +1 dire flail of freezing
 g - a +0 shortbow of flaming
 i - a +0 short sword of flaming
 j - a +0 longbow
 k - the +9 war axe "Oxacekki" {antimagic, Str+8}
   (You took it off a crimson imp on level 9 of the Dungeon)

   It disrupts the flow of magical energy around spellcasters and certain
   magical creatures (including the wielder).
   It affects your strength (+8).
 n - a +4 great mace of crushing
 t - a +3 triple crossbow of flaming (weapon)
 D - a +0 rapier
 K - a +6 battleaxe of chopping
 L - a +5 flail of protection
 O - a cursed +0 mace
 Q - a +4 rapier of venom
 V - a +4 quarterstaff of chaos
 Y - a +1 war axe
 Z - a +1 dagger of chaos
Missiles
 a - 13 silver sling bullets
 d - 5 poisoned needles
 h - 81 arrows
 p - 10 sling bullets of frost
 v - 31 bolts (quivered)
 C - 6 tomahawks
 G - 6 poisoned bolts
 P - 22 sling bullets
Armour
 e - a cursed +0 ring mail (worn)
 M - a +0 ring mail
Jewellery
 q - a +3 ring of intelligence {unknown}
 s - an uncursed ring of teleport control {unknown}
 y - a +1 ring of evasion {unknown}
 J - an amulet of guardian spirit (around neck)
Magical devices
 f - a wand of frost (21)
 u - a wand of magic darts (20)
 N - a wand of polymorph (18)
 X - a wand of magic darts (19)
Scrolls
 l - a scroll of remove curse
 r - 2 scrolls of blinking
 w - 4 scrolls of enchant armour
 x - a scroll of enchant weapon
 E - a scroll of recharging {unknown}
 F - a scroll of teleportation
 I - a scroll of fog
 S - 4 scrolls of fear
Potions
 m - a potion of might
 A - a potion of brilliance
 R - a potion of curing
 U - a potion of restore abilities
Miscellaneous
 o - a plain deck of defence
 T - a phantom mirror
Comestibles
 z - a fruit
 B - 3 beef jerkies
 H - 2 meat rations


   Skills:
 + Level 10.8 Fighting
 + Level 10.0(11.2) Axes
 + Level 8.3(10.4) Maces & Flails
   Level 4.7 Slings
 + Level 2.9 Bows
 + Level 0.9 Crossbows
 + Level 9.8 Armour
 + Level 10.2 Dodging
 + Level 3.1 Stealth


You had 10 spell levels left.
You didn't know any spells.

Dungeon Overview and Level Annotations

Branches:
Dungeon (9/15)             Temple (0/1) D:7             Orc (3/4) D:9
   Lair: D:8-11         Elf: Orc:3-4

Altars:
Fedhas
Nemelex Xobeh
Ru
The Shining One

Shops:
D:6 =

Portals:
Ice
Cave: Orc:1

Annotations:
D:3 eeldvark's ghost, average HuWn
D:7 Maurice
Orc:3 Erolcha; Joseph; Nessos


Innate Abilities, Weirdness & Mutations

You reflexively headbutt those who attack you in melee.
You have a pair of horns on your head.
You are surrounded by a mild repulsion field (EV +2).
You are partially covered in iridescent scales (AC +4).
Your mind is acute. (Int +2)
Your muscles are strong. (Str +2)


Message History

Found a stone staircase leading down.
Joseph, a Mercenary comes into view.
He is wielding a quarterstaff.
Press: ? - help, v - describe, . - travel
Here: Joseph, wielding a quarterstaff and wearing a leather armour (resting)
The floor.
Joseph shouts!
Joseph unwields an uncursed quarterstaff.
Joseph wields a hunting sling.
Joseph shoots a sling bullet.
The sling bullet completely misses you.
You see here a sling bullet.
Joseph shoots a sling bullet.
The sling bullet misses you.
You see here a sling bullet.
Joseph shoots a sling bullet.
The sling bullet hits you.
* * * LOW HITPOINT WARNING * * *
You see here a sling bullet.
Joseph shoots a sling bullet.
The sling bullet misses you.
Joseph shoots a sling bullet.
The sling bullet hits you!!
* * * LOW HITPOINT WARNING * * *
Joseph shoots a sling bullet.
The sling bullet hits you!
You die...

......### .....##
.....# ### ..#.##
#... ..### #....##
.## #......## .#
#.....#.## ## ..#
.....>..(.##.##
.## #.....@...# ##
.....#.......#.##
.... #..........#
....###..(......##
.@....#........###
....@.@.(.....##
##.$....(....##
##...$.....##
##.......##


You could see Joseph.

Vanquished Creatures
  An ettin (Orc:3)
  A tengu warrior (D:9)
  An unseen horror (D:9)
  2 hill giants (D:9)
  A cyclops (D:9)
  A centaur skeleton (D:8)
  Psyche (D:8)
  The ghost of aronpayne the Conjurer, an average DrCj (D:4)
  A two-headed ogre (D:6)
  A queen bee (D:9)
  A trapdoor spider zombie (D:9)
  A wyvern (D:9)
  A deep elf mage (D:9)
  9 yaks (D:9)
  Eustachio (D:6)
  A warg (Orc:2)
  A hungry ghost (D:9)
  A hippogriff (D:4)
  Edmund (D:4)
  11 ice beasts
  10 orc warriors
  2 black bears
  2 necrophages (D:5)
  A big kobold (D:9)
  4 centaurs
  Sigmund (D:2)
  7 ogres
  3 giant frogs (D:9)
  2 gnoll sergeants (D:9)
  4 scorpions
  8 wights
  4 goliath beetles
  23 killer bees (D:9)
  An electric eel (D:6)
  5 crimson imps
  10 orc priests
  Crazy Yiuf (D:6)
  A giant frog skeleton (D:7)
  6 hounds
  2 quasits
  Natasha (twice) (D:6)
  3 iguanas
  16 orc wizards
  7 worker ants
  Ijyb (D:2)
  Jessica (D:2)
  2 hound skeletons
  11 adders
  10 gnolls
  A worker ant zombie (D:9)
  A shadow imp (D:7)
  2 giant mites
  2 worms
  2 adder skeletons (D:5)
  2 adder zombies
  An ooze (D:1)
  79 orcs
  4 ball pythons
  22 bats
  5 giant cockroaches
  8 goblins
  14 hobgoblins
  13 jackals
  5 quokkas
  5 giant geckos
  A giant gecko zombie (D:9)
  3 giant newts
  14 kobolds
  22 rats
  A ballistomycete (D:9)
396 creatures vanquished.

Vanquished Creatures (others)
  2 giant spores (D:9)
2 creatures vanquished.

Grand Total: 398 creatures vanquished

Notes
Turn   | Place    | Note
--------------------------------------------------------------
     0 | D:1      | cachaos, the Minotaur Berserker, began the quest for the Orb.
     0 | D:1      | Reached XP level 1. HP: 19/19 MP: 1/1
   217 | D:1      | Reached skill level 4 in Fighting
   224 | D:1      | Reached XP level 2. HP: 22/27 MP: 1/1
   561 | D:1      | Acquired Trog's second power
   846 | D:2      | Noticed Sigmund
   862 | D:2      | Killed Sigmund
   862 | D:2      | Reached XP level 3. HP: 31/34 MP: 2/2
   862 | D:2      | Reached XP level 4. HP: 37/41 MP: 2/2
  1047 | D:2      | Reached skill level 5 in Axes
  1107 | D:2      | Noticed Jessica
  1111 | D:2      | Killed Jessica
  1293 | D:2      | Noticed Ijyb
  1306 | D:2      | Killed Ijyb
  1306 | D:2      | Reached XP level 5. HP: 42/47 MP: 2/2
  1412 | D:3      | Noticed eeldvark's ghost (average HuWn)
  1571 | D:3      | Reached skill level 5 in Fighting
  2259 | D:3      | Reached XP level 6. HP: 56/56 MP: 3/3
  2612 | D:4      | Acquired Trog's third power
  2612 | D:4      | Reached skill level 1 in Slings
  2725 | D:4      | Noticed a hippogriff
  2731 | D:4      | Killed a hippogriff
  2731 | D:4      | Reached skill level 6 in Axes
  2853 | D:4      | Noticed aronpayne's ghost (average DrCj)
  2859 | D:4      | Reached XP level 7. HP: 61/61 MP: 3/3
  2864 | D:4      | Killed aronpayne's ghost
  2864 | D:4      | Reached skill level 5 in Armour
  3362 | D:4      | Reached skill level 1 in Stealth
  3372 | D:4      | Noticed Edmund
  3384 | D:4      | Killed Edmund
  3437 | D:4      | Gained mutation: You are partially covered in iridescent scales (AC +4). [potion of mutation]
  3437 | D:4      | Gained mutation: Your mind is acute. (Int +2) [potion of mutation]
  3437 | D:4      | Gained mutation: You are surrounded by a mild repulsion field (EV +2). [potion of mutation]
  3593 | D:5      | Entered Level 5 of the Dungeon
  3607 | D:5      | Reached XP level 8. HP: 66/70 MP: 3/3
  3665 | D:5      | You fall through a shaft!
  3665 | D:6      | Noticed a two-headed ogre
  3670 | D:6      | Killed a two-headed ogre
  3840 | D:5      | Reached skill level 7 in Axes
  4140 | D:5      | Found a blossoming altar of Fedhas.
  4408 | D:6      | Noticed Eustachio
  4429 | D:6      | Killed Eustachio
  4429 | D:6      | Reached skill level 1 in Maces & Flails
  4429 | D:6      | Reached skill level 5 in Dodging
  4943 | D:6      | Noticed Natasha
  4946 | D:6      | Killed Natasha
  5151 | D:6      | Reached XP level 9. HP: 73/79 MP: 4/4
  5293 | D:6      | Found Streit's Jewellery Shoppe.
  5517 | D:6      | Noticed Natasha
  5521 | D:6      | Killed Natasha
  5861 | D:6      | Noticed Crazy Yiuf
  5864 | D:6      | Killed Crazy Yiuf
  6088 | D:7      | Reached skill level 1 in Bows
  6458 | D:7      | Found a staircase to the Ecumenical Temple.
  6879 | D:7      | Gained mutation: Your muscles are strong. (Str +2) [potion of beneficial mutation]
  6883 | D:8      | Found a sparkling altar of Nemelex Xobeh.
  6883 | D:8      | Noticed Maurice
  7059 | D:8      | Reached skill level 8 in Fighting
  7357 | D:8      | Found a sacrificial altar of Ru.
  7450 | D:8      | Noticed Psyche
  7462 | D:8      | Killed Psyche
  7462 | D:8      | Reached skill level 5 in Maces & Flails
  7821 | D:8      | Noticed a centaur skeleton
  7822 | D:8      | Received a gift from Trog
  7831 | D:8      | Killed a centaur skeleton
  7831 | D:8      | Reached XP level 10. HP: 80/90 MP: 4/4
  8560 | D:9      | Reached skill level 9 in Fighting
  8941 | D:9      | Found a glowing golden altar of the Shining One.
  8952 | D:9      | Got a brightly glowing war axe
  8953 | D:9      | Identified the +9 war axe "Oxacekki" {antimagic, Str+8} (You took it off a crimson imp on level 9 of the Dungeon)
  8987 | D:9      | Received a gift from Trog
  9306 | D:9      | Killed an unseen horror
  9313 | D:9      | Found a staircase to the Orcish Mines.
  9508 | D:9      | Noticed a cyclops
  9648 | D:9      | Reached XP level 11. HP: 97/99 MP: 1/4
  9926 | D:9      | Noticed a hill giant
  9930 | D:9      | Killed a cyclops
 10353 | D:9      | Received a gift from Trog
 10353 | D:9      | Reached skill level 10 in Fighting
 10451 | D:9      | Killed a hill giant
 10481 | D:9      | Noticed a hill giant
 10484 | D:9      | Killed a hill giant
 10589 | D:9      | Noticed a tengu warrior
 10594 | D:9      | Killed a tengu warrior
 10667 | Orc:1    | Entered Level 1 of the Orcish Mines
 10883 | Orc:1    | Found a frozen archway.
 10893 | Orc:1    | Reached skill level 10 in Dodging
 11608 | Orc:2    | Received a gift from Trog
 12141 | Orc:3    | Noticed Nessos
 12144 | Orc:3    | Noticed an ettin
 12159 | Orc:3    | Killed an ettin
 12159 | Orc:3    | Reached skill level 10 in Axes
 12164 | Orc:3    | Noticed Erolcha
 12223 | Orc:3    | Noticed Joseph
 12232 | Orc:3    | HP: 3/101 [Joseph/sling bullet (19)]
 12233 | Orc:3    | Shot with a sling bullet by Joseph

Action                   |  1- 3 |  4- 6 |  7- 9 | 10-12 || total
-------------------------+-------+-------+-------+-------++-------
Melee: Hand axe          |    33 |    79 |    50 |       ||   162
       Flail             |       |       |   210 |    85 ||   295
       War axe           |       |       |       |   190 ||   190
 Fire: Hunting sling     |       |    29 |     9 |       ||    38
       Shortbow          |       |       |    18 |       ||    18
       Triple crossbow   |       |       |       |     4 ||     4
Invok: Trog's Hand       |     1 |     1 |     1 |       ||     3
       Berserk           |     1 |     1 |     1 |     1 ||     4
       Burn Spellbooks   |       |       |     1 |     2 ||     3
  Use: Scroll            |     4 |     5 |     5 |     5 ||    19
       Potion            |       |     4 |     9 |     4 ||    17
  Eat: Meat ration       |       |     2 |       |       ||     2
       Beef jerky        |       |     1 |       |       ||     1
       Bread ration      |       |       |     4 |       ||     4
       Pizza             |       |       |       |     5 ||     5
       Fruit             |       |       |       |     3 ||     3
       Royal jelly       |       |       |       |     1 ||     1
